 Dungeon Crawl Stone Soup version 0.25.0-9-g26727b6 (webtiles) character file.

Game seed: 16016419408168462704

84 doctorallosaurus the Chopper (level 4, -1/40 HPs)
             Began as a Draconian Berserker on June 18, 2020.
             Was a Believer of Trog.
             Killed from afar by an orc wizard (9 damage)
             ... with a magic dart
             ... on level 3 of the Dungeon.
             The game lasted 00:18:28 (1927 turns).

doctorallosaurus the Chopper (Draconian Berserker)  Turns: 1927, Time: 00:18:29

Health: -1/40      AC:  6    Str: 20    XL:     4   Next: 24%
Magic:  4/4        EV: 13    Int:  7    God:    Trog [**....]
Gold:   163        SH:  0    Dex: 11    Spells: 3/3 levels left

rFire    . . .     SeeInvis .   o - +4 mace
rCold    . . .     Gourm    .   (no shield)
rNeg     . . .     Faith    .   (armour unavailable)
rPois    .         Spirit   .   (helmet restricted)
rElec    .         Reflect  .   (no cloak)
rCorr    .         Harm     .   f - +0 pair of gloves
MR       .....                  (no boots)
Stlth    +.........             (no amulet)
HPRegen  0.13/turn              (no ring)
MPRegen  0.09/turn              (no ring)

@: no status effects
A: unfitting armour, cold-blooded, AC +5
a: Berserk, Trog's Hand, Renounce Religion


You were on level 3 of the Dungeon.
You worshipped Trog.
Trog was pleased with you.
You were not hungry.

You visited 1 branch of the dungeon, and saw 3 of its levels.

You collected 163 gold pieces.

Inventory:

Hand Weapons
 a - a +0 hand axe
 h - a +0 short sword
 o - a +4 mace (weapon)
Missiles
 i - 2 boomerangs (quivered)
Armour
 f - a +0 pair of gloves (worn)
Jewellery
 n - an uncursed ring of protection from magic {unknown}
Scrolls
 e - 2 scrolls of teleportation {unknown}
 j - a scroll of remove curse {unknown}
 l - a scroll of enchant weapon {unknown}
Potions
 c - a potion of heal wounds {unknown}
 d - a potion of curing {unknown}
 g - a potion of resistance {unknown}
 k - 2 potions of brilliance {unknown}
 m - a potion of flight {unknown}
Comestibles
 b - 5 rations


   Skills:
 + Level 3.8 Fighting
 + Level 3.9 Axes
 + Level 1.1 Throwing
 + Level 3.2 Dodging
 + Level 0.2 Stealth


You had 3 spell levels left.
You didn't know any spells.
Your spell library was empty.

Dungeon Overview and Level Annotations

Branches:
Dungeon (3/15)

Altars:
Ashenzari


Innate Abilities, Weirdness & Mutations

Your plain brown scales are hard. (AC +5)
You cannot fit into any form of body armour.
You are cold-blooded and may be slowed by cold attacks.


Message History

You throw a boomerang. The boomerang barely misses the orc.
The boomerang hits the orc priest.
The orc priest is moderately wounded.
The orc hits you with a +0 club.
Throwing (i - inventory)
i - 2 boomerangs (quivered)
Press: ? - help, Shift-Dir - straight line, f/p - orc priest
Aim: an orc priest, wielding a +0 club and wearing a +0 ring mail (moderately wounded)
You throw a boomerang. The boomerang hits the orc.
You kill the orc!
Trog accepts your kill. The orc wizard casts a spell at you.
The magic dart hits you.
* * * LOW HITPOINT WARNING * * *
The orc wizard mumbles some strange words.
The orc wizard blinks!
The orc wizard hits you but does no damage.
There is a stone staircase leading up here.
The orc wizard gestures at you while chanting.
The magic dart hits you!
You die...

#.#
#[#####.#
##)......#
#or.$.....
#)#######.
##o##
#.###o..###
#..>......#
#####@o.#>#
##.##...
.... ###
.###.# ..
... ## ###


You could see an orc priest, an orc wizard, 2 orcs and a quokka.

Vanquished Creatures
  A gnoll (D:1)
  2 adders (D:2)
  An ooze (D:2)
  A worm (D:2)
  3 orcs (D:3)
  4 bats
  5 goblins
  5 hobgoblins
  8 jackals
  2 kobolds (D:2)
  2 quokkas (D:2)
  6 frilled lizards
  5 rats
45 creatures vanquished.

Notes
Turn   | Place    | Note
-------+----------+-------------------------------------------
     0 | D:1      | doctorallosaurus the Draconian Berserker began the quest
                  | for the Orb.
     0 | D:1      | Reached XP level 1. HP: 19/19 MP: 1/1
   524 | D:1      | Reached XP level 2. HP: 26/26 MP: 2/2
   865 | D:1      | Reached XP level 3. HP: 33/33 MP: 3/3
  1341 | D:2      | Reached ** piety under Trog
  1539 | D:2      | Reached XP level 4. HP: 22/40 MP: 4/4
  1632 | D:2      | Found a shattered altar of Ashenzari.
  1863 | D:2      | Reached skill level 1 in Throwing
  1927 | D:3      | Killed from afar by an orc wizard

Illustrated notes

Levels and vault maps discovered:
D:1:      heliophobic_arrival_battle_scene, layout_basic, serial_bayou_pond_a
D:2:      layout_loops_ring, ashenzari_conservatory_becter, st_stairs_6
D:3:      layout_loops_ring, overflow_temple_1_default,
          minmay_overflow_temple_star_quad

Skill      XL: |  1  2  3  4 |
---------------+-------------+-----
Dodging        | 3 |  3.2
Throwing       | 1 |  1.1
Fighting       | |  3.8
Axes           | |  3.9
Stealth        | |  0.2

Action                   |  1- 3 |  4- 6 || total
-------------------------+-------+-------++-------
Melee: Hand axe          |   125 |       ||   125
       Tailslap          |    14 |       ||    14
       Mace              |     6 |     7 ||    13
Throw: Boomerang         |    37 |    27 ||    64
  Use: Scroll            |     3 |     1 ||     4
 Stab: Sleeping          |     1 |       ||     1
  Eat: Chunk             |     2 |     1 ||     3
Armor: Skin              |    28 |     5 ||    33
Dodge: Dodged            |    81 |    18 ||    99
